 Dungeon Crawl Stone Soup version 0.28.0-43-g3370ac3207 (webtiles) character file.

Game seed: 15806511218277410493

804560 JackAllcraft the Sorcerer (level 27, 0/216 HPs)
             Began as a Djinni Conjurer on Mar 17, 2022.
             Was an Elder of Ashenzari.
             Killed from afar by a Brimstone Fiend (45 damage)
             ... with damnation
             ... on level 26 of a ziggurat on Mar 19, 2022.
             The game lasted 10:29:48 (92354 turns).

JackAllcraft the Sorcerer (Djinni Conjurer)        Turns: 92354, Time: 10:29:48

Health: 0/216      AC: 51    Str: 15    XL:     27
Gold:   4205       EV:  8    Int: 49    God:    Ashenzari [****..] SH: 27 Dex:  9

rFire   + + +      SeeInvis +   e - +9 fustibalus (freeze)
rCold   + + .      Faith    .   T - +5 tower shield {reflect}
rNeg    + + .      Spirit   .   O - +12 gold dragon scales of the World {Drain rPois rF+ rC+ rN+ Int+8}
rPois   ∞          Reflect  +   d - +4 helmet of Toth-Mos's Legacy {rC+ SInv, Fort, Range} (curse)
rElec   +          Harm     .   W - +0 cloak "Shackled Sybil" {rN+ Will+ MP-9 Int+4, Self, Melee} (curse)
rCorr   +          Rampage  .   h - +3 pair of gloves of Ashenzari's Sorrow {Regen+ Int+5 Dex-5, Self, Fort} (curse)
Will    ++++.      Clarity  +   (boots unavailable)
Stlth   ..........              C - amulet of Ashenzari's Affliction {Regen+, Range, Self} (curse)
HPRegen 2.06/turn               s - ring of the Ruined Fanaticism {rCorr Str+3 Int+6, Fort, Range} (curse)
MPRegen 0.00/turn               N - ring "Share My Gnosis" {rElec rF+ rC+, Self, Range} (curse)

@: flying, studying 5 skills
A: sickness immunity, fire resistance 2, cold vulnerability 1, float, innate
caster, HP casting, extra vitality 1, strong-willed 1, mutation resistance 1
}: 6/15 runes: serpentine, barnacled, slimy, silver, abyssal, demonic
a: Renounce Religion, Curse Item, Shatter the Chains


You were on level 26 of a ziggurat.
You worshipped Ashenzari.
Ashenzari was greatly pleased with you.
You visited 12 branches of the dungeon, and saw 55 of its levels.
You visited Pandemonium 1 time, and saw 2 of its levels.
You visited the Abyss 2 times.
You visited 1 bazaar.
You visited 1 ziggurat, and saw 26 of its levels.
You also visited: Sewer, Ossuary, Bailey and Ice Cave.

You collected 8928 gold pieces.
You spent 4723 gold pieces at shops.

Inventory:

Hand Weapons
 e - a +9 fustibalus of freezing (weapon)
 u - the +9 long sword "Suemir" {flame, Str+3 Int+7}
   (You found it on level 19 of a ziggurat)

   It burns those it strikes, dealing additional fire damage.
   Big, fiery blades are also staple armaments of hydra-hunters.
   Str:       It affects your strength (+3).
   Int:       It affects your intelligence (+7).
 y - a +9 double sword of freezing
Missiles
 V - 250 sling bullets (quivered ammo)
Armour
 d - the cursed +4 helmet of Toth-Mos's Legacy (worn) {rC+ SInv, Fort, Range}
   (You found it on level 1 of the Shoals)

   rC:        It protects you from cold.
   SInv:      It lets you see invisible.
   It has a curse which improves the following skills: Fortitude: Armour and
   Shields.
   Ranged Combat: Slings, Bows, Crossbows and Throwing.
 h - the cursed +3 pair of gloves of Ashenzari's Sorrow (worn) {Regen+ Int+5 Dex-5, Self, Fort}
   (You bought it in a shop on level 1 of the Vaults)

   Int:       It affects your intelligence (+5).
   Dex:       It affects your dexterity (-5).
   Regen:     It increases your rate of health regeneration.
   It has a curse which improves the following skills: Introspection: Fighting
   and Spellcasting.
   Fortitude: Armour and Shields.
 I - a +2 tower shield of protection
 O - the +12 gold dragon scales of the World (worn) {Drain rPois rF+ rC+ rN+ Int+8}
   (You found it on level 25 of a ziggurat)

   Int:       It affects your intelligence (+8).
   rF:        It protects you from fire.
   rC:        It protects you from cold.
   rPois:     It protects you from poison.
   rN:        It protects you from negative energy.
   Drain:     It drains your maximum health when unequipped.
 Q - a +0 tower shield of cold resistance
 T - a +5 tower shield of reflection (worn)
 W - the cursed +0 cloak "Shackled Sybil" (worn) {rN+ Will+ MP-9 Int+4, Self, Melee}
   (You found it on level 9 of a ziggurat)

   Int:       It affects your intelligence (+4).
   rN:        It protects you from negative energy.
   MP:        It affects your magic capacity (-9).
   Will:      It increases your willpower.
   It has a curse which improves the following skills: Introspection: Fighting
   and Spellcasting.
   Melee Combat: Short Blades, Long Blades, Axes, Maces & Flails, Polearms,
   Staves and Unarmed Combat.
Jewellery
 b - the ring of Boemir {rElec Will+ Str+6 Int+3}
   (You found it on level 24 of a ziggurat)

   [ring of strength]

   Str:       It affects your strength (+6).
   Int:       It affects your intelligence (+3).
   rElec:     It insulates you from electricity.
   Will:      It increases your willpower.
 s - the cursed ring of the Ruined Fanaticism (left hand) {rCorr Str+3 Int+6, Fort, Range}
   (You found it on level 4 of the Dungeon)

   [ring of intelligence]

   Str:       It affects your strength (+3).
   Int:       It affects your intelligence (+6).
   rCorr:     It protects you from acid and corrosion.
   It has a curse which improves the following skills: Fortitude: Armour and
   Shields.
   Ranged Combat: Slings, Bows, Crossbows and Throwing.
 x - the amulet of the Air {Inacc Air Fly rElec RMsl}
   (You found it on level 15 of a ziggurat)

   [amulet of nothing]

   It reduces the accuracy of all your attacks.
   It enhances your air magic.
   rElec:     It insulates you from electricity.
   Fly:       It grants you flight.
   RMsl:      It protects you from missiles.
 C - the cursed amulet of Ashenzari's Affliction (around neck) {Regen+, Range, Self}
   (You bought it in a shop on level 1 of the Snake Pit)

   [amulet of regeneration]

   Regen:     It increases your rate of health regeneration.
   It has a curse which improves the following skills: Ranged Combat: Slings,
   Bows, Crossbows and Throwing.
   Introspection: Fighting and Spellcasting.
 G - the amulet "Tulo" {Reflect rN+ Int+3 SH+5}
   (You found it on level 13 of a ziggurat)

   [amulet of reflection]

   It reflects blocked missile attacks.
   Int:       It affects your intelligence (+3).
   rN:        It protects you from negative energy.
   SH:        It affects your SH (+5).
 J - the ring of Hionk {rElec rCorr Dex+2 Stlth+}
   (You found it on level 16 of a ziggurat)

   [ring of resist corrosion]

   Dex:       It affects your dexterity (+2).
   rElec:     It insulates you from electricity.
   rCorr:     It protects you from acid and corrosion.
   Stlth:     It makes you more stealthy.
 M - the ring "Enke" {Contam rPois rC+ Int+3 Dex+4 Slay+4}
   (You found it on level 11 of a ziggurat)

   [ring of slaying]

   Int:       It affects your intelligence (+3).
   Dex:       It affects your dexterity (+4).
   Slay:      It affects your accuracy & damage with ranged weapons and melee
   (+4).
   rC:        It protects you from cold.
   rPois:     It protects you from poison.
   Contam:    It causes magical contamination when unequipped.
 N - the cursed ring "Share My Gnosis" (right hand) {rElec rF+ rC+, Self, Range}
   (You found it on level 3 of the Snake Pit)

   [ring of protection from fire]

   rF:        It protects you from fire.
   rC:        It protects you from cold.
   rElec:     It insulates you from electricity.
   It has a curse which improves the following skills: Introspection: Fighting
   and Spellcasting.
   Ranged Combat: Slings, Bows, Crossbows and Throwing.
 S - the ring of Arrival {rN+ Int+4}
   (You found it on level 24 of a ziggurat)

   [ring of positive energy]

   Int:       It affects your intelligence (+4).
   rN:        It protects you from negative energy.
Wands
 v - a wand of acid (36)
 H - a wand of iceblast (44)
 P - a wand of digging (3)
 Z - a wand of paralysis (21)
Scrolls
 a - 3 scrolls of brand weapon
 f - 10 scrolls of fear
 i - 27 scrolls of fog
 j - 15 scrolls of immolation
 m - 14 scrolls of blinking
 n - 22 scrolls of teleportation
 p - 4 scrolls of silence
 r - 8 scrolls of holy word
 t - 2 scrolls of summoning
 L - 14 scrolls of magic mapping
Potions
 c - 16 potions of curing
 g - 13 potions of heal wounds
 o - 13 potions of mutation
 w - 10 potions of experience
 D - 5 potions of brilliance
 E - 6 potions of haste
 F - 9 potions of resistance
 K - 5 potions of might
 X - 4 potions of cancellation
Miscellaneous
 l - a lightning rod (4/4)
 q - the horn of Geryon (inert)
 z - a condenser vane
 A - a tin of tremorstones (2/2)
 R - a phial of floods
 U - a box of beasts
 Y - a phantom mirror (inert)


   Skills:
 + Level 22.9(27) Fighting
 + Level 16.0(17.8) Long Blades
 - Level 19.1(23.5) Slings
 - Level 22.6(26.0) Armour
 - Level 18.5 Dodging
 - Level 2.3 Stealth
 - Level 20.7(24.2) Shields
 * Level 23.0(27) Spellcasting
 + Level 19.0 Evocations


You couldn't memorise any spells.
You knew the following spells:

 Your Spells              Type           Power      Damage    Failure   Level
a - Orb of Destruction    Conj           73%        9d17      1%          7
b - Iskenderun's Mystic   Conj/Tloc      100%       2d19      0%          4
c - Borgnjor's Vile Clut  Necr/Erth      73%        N/A       0%          5
d - Fulminant Prism       Conj/Hex       73%        3d30      0%          4
e - Chain Lightning       Conj/Air       73%        3d97      9%          9
f - Eringya's Noxious Bo  Tmut/Pois      73%        N/A       0%          6
g - Dragon's Call         Summ           73%        N/A       9%          9
h - Summon Horrible Thin  Summ           73%        N/A       1%          8
i - Dispersal             Tloc           73%        N/A       0%          6
j - Alistair's Intoxicat  Tmut/Pois      97%        N/A       0%          5
k - Borgnjor's Revivific  Necr           73%        N/A       1%          8
l - Searing Ray           Conj           100%       2d8       0%          2
m - Frozen Ramparts       Ice            100%       1d12      0%          3
n - Ensorcelled Hibernat  Hex/Ice        100%       N/A       0%          2
o - Magic Dart            Conj           100%       1d8       0%          1
p - Dazzling Flash        Conj/Hex       100%       N/A       0%          3
q - Poisonous Vapours     Pois/Air       100%       N/A       0%          2
r - Apportation           Tloc           100%       N/A       0%          1
Your spell library was empty.

Dungeon Overview and Level Annotations

Branches:
Dungeon (15/15)            Temple (1/1) D:7            Lair (6/6) D:8
 Shoals (4/4) Lair:4        Snake (4/4) Lair:2        Slime (5/5) Lair:6
    Orc (2/2) D:10            Elf (3/3) Orc:2        Vaults (5/5) D:14
  Crypt (0/3) Vaults:2     Depths (4/4) D:15           Hell (visited)
    Dis (0/7) Hell            Geh (0/7) Hell            Coc (0/7) Hell
    Tar (0/7) Hell            Zot (5/5) Depths:4      Sewer (visited)
Ossuary (visited)          Bailey (visited)           IceCv (visited)

Altars:
Ashenzari
Cheibriados
Dithmenos
Elyvilon
Fedhas
Gozag
Hepliaklqana
Kikubaaqudgha
Makhleb
Nemelex Xobeh
Okawaru
Qazlal
Ru
Sif Muna
Trog
Uskayaw
Vehumet
Wu Jian
Xom
Yredelemnul
Zin
The Shining One
Beogh
Jiyva

Shops:
D:1 !   D:14 *   Orc:2 (*:=   Elf:3 (   Shoals:1 *[*=   Shoals:3 *[
Snake:1 *(=   Snake:3 ?*   Vaults:1 [   Vaults:2 *   Vaults:4 (   Depths:1 [*

Portals:
Hell: Depths:1 Depths:2 Depths:3 Depths:4
Abyss: Depths:1 Depths:3
Pandemonium: Depths:2 Depths:3 Depths:4
Trove: Depths:4 (give +4 shadow dragon scales)

Annotations:
D:4 2 runed translucent doors
Shoals:1 royokou's ghost, adept GrEE
Elf:1 3 runed translucent doors, Tuny's ghost, adept SpEn
Vaults:4 2 transporters, fgae53's ghost, veteran MiBe
Depths:2 2 runed translucent doors
Zot:5 2 exclusions


Innate Abilities, Weirdness & Mutations

You are immune to sickness and miasma.
You are immune to poison.
Your flesh is very heat resistant. (rF++)
You are vulnerable to cold. (rC-)
You float through the air rather than walking.
You learn spells naturally, not from books.
Your magical power is your life essence.
You have superior vitality. (+4 MHP)
You are strong-willed. (Will+)
You are somewhat resistant to further mutation.


Message History

Press: ? - help, Shift-Dir - straight line, f/p - shadow demon
Aim: a shadow demon (almost dead, fast, extremely poisoned, 100% to hit)
Zombie hands grab the shadow demon.
Zombie hands grab the green death.
* * * LOW HITPOINT WARNING * * *
The zombie hands constrict the green death.
The zombie hands constrict the shadow demon!
You kill the shadow demon!
The demonspawn warmonger dissolves into shadows!
The reaper dissolves into shadows!
The demonspawn corrupter dissolves into shadows!
The golden dragon disappears in a puff of smoke! x2
The moth of wrath disappears in a puff of smoke!
The Brimstone Fiend dissolves into shadows!
The Executioner dissolves into shadows!
The large abomination dissolves into shadows! x2
A neqoxec comes into view.
The green death festers in the toxic bog.
The green death looks as sick as possible!
The green death struggles to escape constriction.
The Tzitzimitl gestures at you. The bolt of negative energy misses you.
Your Evocations skill increases to level 19!
Casting: Borgnjor's Vile Clutch (safe; 0% risk of failure)
Confirm with . or Enter, or press ? or * to list all spells.
Lightning arcs from your hands!
The bolt of lightning hits the Tzitzimitl!!!
The Tzitzimitl resists.
The Tzitzimitl is heavily wounded.
The bolt of lightning hits the Brimstone Fiend!!!!
The Brimstone Fiend is almost dead.
The bolt of lightning hits the green death!!!!
You kill the green death!
The bolt of lightning hits the neqoxec!!!
You kill the neqoxec!
* * * LOW HITPOINT WARNING * * *
Your noxious spew wanes.
You hear a loud, deep croak!
The Brimstone Fiend gestures at you.
The sphere of damnation explodes!
The damnation engulfs you!!!
You die...

,, , * ,,, ,,▓▓ ,
,,, ,....▓ ,
,,,..#....▓▓ ,
,,.........▓▓▓ ,
............▓
............▓▓▓▓
,.............▓▓▓
,,,......((.1...@▓▓
, ......(..1....▓▓
,, ...............▓
, ........(......▓
.........().......▓
.....(............▓▓
..(.....).......∩..▓
...(.......§.§....▓▓
......(.(.........▓


You could see a Tzitzimitl and a Brimstone Fiend.

Vanquished Creatures
  the Royal Jelly (Slime:5)
  4 pandemonium lords
  8 dread liches
  3 ancient liches
  3 juggernauts (Depths:2)
  Sojobo (Depths:2)
  A Killer Klown (Zig:8)
  3 caustic shrikes (Depths:2)
  8 shard shrikes
  Saint Roka (Snake:2)
  2 curse toes (Zot:1)
  Nikola (Snake:3)
  33 golden dragons
  2 bone dragons (Zig:19)
  the Enchantress (Depths:2)
  3 Brimstone Fiends
  2 Tzitzimimeh (Zig:26)
  A hellephant (Abyss:4)
  3 Hell Sentinels
  16 tentacled monstrosities
  An electric golem (Zot:2)
  9 Ice Fiends
  5 liches
  A walking crystal tome (Depths:3)
  2 walking earthen tomes (Depths:2)
  9 deep elf blademasters
  7 quicksilver dragons
  30 acid blobs
  4 deep elf master archers
  2 krakens
  3 titans (Vaults:5)
  6 Executioners (Zig:26)
  8 death cobs
  6 ancient champions (Zig:19)
  5 tentacled starspawn
  8 tengu reavers
  Kirke (Lair:5)
  Gastronok (D:9)
  8 sphinxes
  5 revenants
  15 shadow dragons
  10 draconian monks
  12 storm dragons
  6 narguns
  12 azure jellies
  9 rockslimes
  11 draconian knights
  8 demonspawn warmongers
  An azure jelly (shapeshifter) (Zig:8)
  11 fire giants
  A daeva (Depths:4)
  A frost giant (shapeshifter) (Zig:8)
  13 nagarajas
  11 frost giants
  22 vault wardens
  The ghost of jazmu the Severer, an adept GrFi of Okawaru (Snake:3)
  Louise (Shoals:1)
  8 balrugs
  15 draconian scorchers
  31 ghost moths
  An orc warlord (Vaults:4)
  4 iron dragons
  7 deep elf sorcerers
  8 emperor scorpions
  5 cacodemons
  Aizul (Shoals:3)
  2 angels (Depths:4)
  9 draconian stormcallers
  2 broodmothers (Zig:18)
  5 deep elf elementalists (Elf:3)
  17 ironbound preservers
  14 draconian annihilators
  A curse skull (Zig:19)
  14 draconian shifters
  4 ironbound thunderhulks
  6 spriggan defenders (Depths:2)
  6 reapers
  4 demonspawn corrupters (Zig:26)
  6 demonspawn blood saints
  15 quicksilver oozes
  5 war gargoyles
  36 very ugly things
  2 grey draconians (Depths:4)
  7 vampire knights
  24 stone giants
  6 deep elf demonologists
  17 green draconians
  5 wendigos
  8 lorocyprocas
  5 bunyips
  10 purple draconians
  7 spark wasps
  5 black draconians
  13 entropy weavers
  15 white draconians
  9 yellow draconians
  18 dire elephants
  9 red draconians
  5 demonspawn black suns
  A minotaur (shapeshifter) (Zig:8)
  10 deep elf annihilators
  6 eidola
  12 deep elf death magi
  15 ettins
  An ettin (shapeshifter) (Vaults:5)
  6 crystal guardians
  18 green deaths
  2 jiangshi (Zig:19)
  19 fire dragons
  8 blizzard demons
  5 merfolk impalers
  4 merfolk javelineers
  9 deep elf high priests
  13 yaktaur captains
  41 vault guards
  3 shambling mangroves (Zig:24)
  12 ice dragons
  17 great orbs of eyes
  Josephine (Lair:6)
  Harold (D:9)
  4 hell beasts
  4 salamander tyrants
  6 peacekeepers
  9 ironbound frosthearts
  A caustic shrike simulacrum (IceCv)
  3 ghost crabs
  16 hydras
  8 rakshasas
  A jorogumo (Zig:13)
  An ogre mage (Vaults:5)
  13 naga warriors
  5 boulder beetles
  A death knight (D:15)
  10 spriggan air magi
  3 merfolk avatars (Shoals:4)
  A two-headed ogre (shapeshifter) (Zig:20)
  4 anacondas
  2 alligator snapping turtles (Shoals:4)
  10 merfolk aquamancers
  An anaconda (shapeshifter) (Zig:9)
  12 centaur warriors
  6 two-headed ogres
  39 dancing weapons
  4 alligators
  4 deep troll shamans
  A satyr (Shoals:3)
  5 hell hogs
  4 deep troll earth magi
  13 vampire magi
  8 tengu warriors
  4 orc high priests
  16 naga sharpshooters
  Sonja (Lair:2)
  13 shock serpents
  14 deep elf knights
  17 sun demons
  4 hell knights
  Nergalle (D:11)
  5 wretched stars
  A sun moth (Zig:22)
  8 soul eaters
  3 shadow wraiths
  A storm dragon zombie (Vaults:4)
  A fire crab (Lair:6)
  2 iron trolls
  11 pharaoh ants
  21 death drakes
  6 sixfirhies
  2 spriggan druids
  5 salamander mystics
  A sea snake (shapeshifter) (Depths:2)
  14 orb spiders
  9 naga ritualists
  A spriggan simulacrum (IceCv)
  2 spatial maelstroms
  19 sea snakes
  13 swamp dragons
  A goliath frog (Zig:24)
  4 bog bodies (IceCv)
  8 steelbarb worms
  39 deep trolls
  5 flayed ghosts
  3 swamp dragons (shapeshifter)
  5 glowing orange brains
  14 orc knights
  6 shadow demons
  An orb spider (shapeshifter) (Zig:20)
  13 deep elf archers
  18 ironbound convokers
  4 lindwurms
  6 wizards
  27 deep elf pyromancers
  A shadow dragon zombie (Depths:3)
  9 necromancers
  10 harpies
  17 deep elf zephyrmancers
  An obsidian statue (IceCv)
  10 phantasmal warriors
  14 large abominations
  7 shining eyes
  A faun (Shoals:1)
  7 mana vipers
  A mana viper (shapeshifter) (Zig:9)
  34 ugly things
  A fire giant zombie (Depths:3)
  9 cyclopes
  A frost giant zombie (Depths:3)
  14 salamanders
  4 will-o-the-wisps
  3 orc sorcerers (Orc:2)
  11 wolf spiders
  18 manticores
  32 moths of wrath
  An apocalypse crab (Abyss:2)
  A manticore (shapeshifter) (Vaults:5)
  7 water nymphs
  2 iron dragon skeletons
  An elephant (shapeshifter) (Elf:1)
  Maurice (D:11)
  13 elephants
  28 black mambas
  9 rust devils
  13 smoke demons
  5 eyes of devastation
  A gargoyle (D:14)
  20 vault sentinels
  20 naga magi
  Joseph (D:9)
  6 torpor snails
  4 molten gargoyles (Hell)
  An eye of devastation (shapeshifter) (Depths:3)
  4 merfolk sirens
  6 guardian serpents
  A torpor snail (shapeshifter) (Vaults:3)
  An efreet (D:15)
  10 demonic crawlers
  8 komodo dragons
  9 cane toads
  7 hellions
  3 orange demons
  An unseen horror (D:11)
  An unseen horror (shapeshifter) (Vaults:5)
  18 freezing wraiths
  2 anaconda simulacra (IceCv)
  2 golden dragon simulacra (IceCv)
  A kobold demonologist (D:12)
  4 ice devils
  6 tormentors
  16 rime drakes
  An entropy weaver simulacrum (IceCv)
  17 yaktaurs
  A human skeleton (Vaults:4)
  2 ancient zymes
  4 hellwings
  10 meliai
  9 tarantellas
  A queen bee (shapeshifter) (Elf:1)
  5 trolls
  A wind drake (shapeshifter) (Zig:20)
  A wolf spider simulacrum (D:14)
  26 merfolk
  6 tyrant leeches (Zig:24)
  10 polar bears (Lair:6)
  132 slime creatures
  7 wind drakes
  7 raiju
  14 hornets
  2 dream sheep (shapeshifter)
  An iron dragon simulacrum (Zig:17)
  7 snapping turtles
  2 meliai zombies
  10 dream sheep
  20 blink frogs
  7 culicivoras
  7 jumping spiders
  8 air elementals
  A jumping spider (shapeshifter) (Zig:20)
  2 small abominations
  9 spriggans
  3 flying skulls (Abyss:2)
  9 wraiths
  6 dire elephant simulacra
  A shadow (D:9)
  The ghost of diceflayer the Fighter, an amateur MiFi (D:4)
  18 water elementals
  3 hogs (Lair:5)
  An ettin skeleton (Vaults:4)
  2 vampires
  10 wyverns
  5 ynoxinuls
  7 fire elementals
  52 yaks
  11 basilisks
  10 golden eyes
  A hog (shapeshifter) (D:14)
  Grum (Lair:1)
  7 chaos spawn
  A minotaur simulacrum (IceCv)
  6 neqoxecs
  7 redbacks
  15 vampire mosquitoes
  An elf skeleton (Vaults:4)
  2 redbacks (shapeshifter)
  2 harpy simulacra
  3 steam dragons
  6 wargs
  A swamp worm (shapeshifter) (Depths:2)
  45 nagas
  5 acid dragons
  11 water moccasins
  13 hell hounds (Lair:6)
  2 floating eyes
  A hydra simulacrum (IceCv)
  3 swamp drakes
  29 orc warriors
  2 ice beasts
  A boulder beetle simulacrum (Lair:4)
  3 alligator simulacra (IceCv)
  A sky beast (D:7)
  12 black bears
  3 ettin simulacra (IceCv)
  59 wolves
  A necrophage (D:6)
  7 ogres
  22 centaurs
  An elf zombie (Elf:1)
  11 kobold brigands
  2 gnoll sergeants
  3 wyvern zombies
  A deep troll simulacrum (IceCv)
  A glowing shapeshifter simulacrum (Zig:17)
  6 bullfrogs
  6 earth elementals
  A water moccasin zombie (Ossuary)
  3 scorpions
  8 killer bees
  7 lindwurm simulacra (IceCv)
  4 wights (D:9)
  3 howler monkeys (D:9)
  A centaur zombie (D:9)
  A quasit (Abyss:2)
  17 orc priests
  A centaur skeleton (D:6)
  3 hounds
  4 jellies
  A gnoll shaman (D:7)
  A water moccasin simulacrum (Lair:4)
  9 iguanas
  Ijyb (D:5)
  19 orc wizards
  A scorpion zombie (D:4)
  17 hell rats
  A bullfrog simulacrum (Lair:4)
  2 hound skeletons (D:4)
  2 mummies (Ossuary)
  A howler monkey zombie (D:7)
  Robin (D:2)
  16 gnolls
  11 adders
  2 river rats
  4 shadow imps
  3 white imps
  An ufetubus (Abyss:2)
  5 adder zombies (Ossuary)
  2 worms
  A dart slug (D:12)
  87 orcs
  10 ball pythons
  3 bats
  7 endoplasms
  4 giant cockroaches
  3 gnoll zombies (Ossuary)
  13 goblins
  15 hobgoblins
  3 jackals (D:4)
  2 quokkas (D:4)
  3 frilled lizards (D:1)
  4 hobgoblin zombies (Ossuary)
  19 kobolds
  3 kobold zombies (Ossuary)
  4 orc zombies (Ossuary)
  19 rats
  A fulminant prism (Snake:3)
  4 starspawn tentacles
  4 tentacles
3080 creatures vanquished.

Vanquished Creatures (collateral kills)
  Frederick (Vaults:3)
  6 golden dragons (Zig:25)
  Geryon (Hell)
  3 tentacled monstrosities
  A deep elf master archer (Zig:21)
  A shadow dragon (Vaults:5)
  A tengu reaver (Vaults:5)
  2 azure jellies (Slime:5)
  A demonspawn warmonger (Zig:26)
  A draconian monk (Zig:23)
  5 rockslimes (Slime:5)
  A fenstrider witch (Zig:25)
  2 iron dragons (Hell)
  4 vault wardens
  2 draconian shifters (Zig:23)
  2 reapers (Hell)
  A red draconian (Zig:23)
  A bunyip (Zig:25)
  A deep elf death mage (Vaults:3)
  4 green deaths (Zig:25)
  A blizzard demon (Hell)
  4 shambling mangroves (Zig:25)
  A deep elf high priest (Vaults:4)
  An ice dragon (Hell)
  6 hydras (Zig:25)
  An ogre mage (Vaults:4)
  2 dancing weapons (Elf:2)
  A centaur warrior (Vaults:3)
  A soul eater (Hell)
  A hell knight (Vaults:3)
  4 sun demons (Hell)
  A deep elf knight (Elf:2)
  2 death drakes (Zig:25)
  A goliath frog (shapeshifter) (Vaults:5)
  A swamp dragon (Zig:25)
  An ironbound convoker (Vaults:3)
  A wizard (Vaults:4)
  2 deep elf pyromancers (Elf:2)
  3 rust devils (Hell)
  2 smoke demons (Hell)
  A molten gargoyle (Hell)
  An eye of devastation (Slime:4)
  A rime drake (Lair:4)
  7 yaktaurs
  4 slime creatures (Slime:4)
  A hornet (Zig:25)
  A vampire mosquito (Zig:25)
  7 hell rats (Hell)
101 creatures vanquished.

Vanquished Creatures (others)
  A storm dragon (Zot:4)
  A draconian annihilator (Zig:23)
  A soul eater (Hell)
  A naga sharpshooter (Snake:4)
  A sun moth (Zig:13)
  A naga mage (Snake:4)
  A wolf (Lair:6)
  A hell rat (Hell)
  4 foxfires (Zig:25)
  316 fulminant prisms
  42 fungi
  110 plants
  6 starspawn tentacles
  9 tentacles
  3 toadstools (D:5)
498 creatures vanquished.

Grand Total: 3679 creatures vanquished

Notes
Turn   | Place    | Note
-------+----------+-------------------------------------------
     0 | D:1      | JackAllcraft the Djinni Conjurer began the quest for the
                  | Orb.
     0 | D:1      | Reached XP level 1. HP: 15/15 MP: 0/0
   217 | D:1      | Found Bid Yhupp's Distillery.
   232 | D:1      | Reached XP level 2. HP: 16/21 MP: 0/0
   662 | D:1      | Reached XP level 3. HP: 18/25 MP: 0/0
   662 | D:1      | Learned a level 1 spell: Apportation
  1211 | D:2      | Reached XP level 4. HP: 25/31 MP: 0/0
  1296 | D:2      | Identified the +4 long sword "Zaothrik" {vorpal, rN+}
  1365 | D:2      | Noticed Robin
  1381 | D:2      | Killed Robin
  1404 | D:2      | Reached skill level 1 in Fighting
  2266 | D:3      | Reached skill level 4 in Spellcasting
  2266 | D:3      | Reached XP level 5. HP: 37/37 MP: 0/0
  2266 | D:3      | Learned a level 2 spell: Ensorcelled Hibernation
  2463 | D:3      | Found a hide-covered altar of Uskayaw.
  2468 | D:3      | Noticed a +0 hand axe
  2469 | D:3      | Noticed a +0 dagger
  2610 | D:3      | Found a glowing drain.
  2618 | Sewer    | Entered a sewer
  2666 | Sewer    | Noticed a kobold brigand
  2679 | Sewer    | Killed a kobold brigand
  2680 | Sewer    | Reached XP level 6. HP: 20/43 MP: 0/0
  2969 | Sewer    | Reached skill level 5 in Spellcasting
  3065 | Sewer    | Reached XP level 7. HP: 45/49 MP: 0/0
  3065 | Sewer    | Learned a level 2 spell: Poisonous Vapours
  3751 | D:3      | Found a bloodstained altar of Trog.
  3935 | D:3      | Found a blossoming altar of Fedhas.
  4737 | D:4      | Found a runed translucent door.
  4745 | D:4      | Noticed diceflayer's ghost (amateur MiFi)
  4832 | D:4      | Found a large runed translucent door.
  4832 | D:4      | Found a large runed translucent door.
  4846 | D:4      | Reached XP level 8. HP: 54/58 MP: 0/0
  4879 | D:4      | Noticed a hornet
  4882 | D:4      | Reached skill level 6 in Spellcasting
  5374 | D:4      | Found a runed translucent door.
  5644 | D:4      | Found a large runed translucent door.
  5668 | D:4      | Found a large runed translucent door.
  6061 | D:4      | Identified the ring "Myiwon" {rCorr Str+3 Int+6}
  6206 | D:4      | Identified the +1 robe "Uhyxetof" {rElec Will+ Str+4}
  6438 | D:4      | Killed a hornet
  6439 | D:4      | Reached skill level 5 in Fighting
  6439 | D:4      | Reached skill level 1 in Armour
  6739 | D:4      | Killed diceflayer's ghost
  6740 | D:4      | Reached XP level 9. HP: 14/65 MP: 0/0
  6740 | D:4      | Learned a level 3 spell: Frozen Ramparts
  7032 | D:5      | Entered Level 5 of the Dungeon
  7040 | D:5      | Reached skill level 7 in Spellcasting
  7978 | D:5      | Noticed Ijyb
  7987 | D:5      | Killed Ijyb
  8180 | D:5      | Found an opulent altar of Gozag.
  9418 | D:6      | Reached skill level 8 in Spellcasting
  9695 | D:6      | Found a glowing golden altar of the Shining One.
 10119 | D:7      | Reached skill level 1 in Evocations
 10385 | D:7      | Reached XP level 10. HP: 40/73 MP: 0/0
 11097 | D:7      | Found a staircase to the Ecumenical Temple.
 11106 | Temple   | Entered the Ecumenical Temple
 11480 | Temple   | Became a worshipper of Ashenzari the Shackled
 11774 | D:8      | Found a sand-covered staircase.
 11783 | Ossuary  | Entered an ossuary
 12362 | D:8      | Found a sacrificial altar of Ru.
 12395 | D:8      | Found a sparkling altar of Nemelex Xobeh.
 12423 | D:8      | Reached skill level 5 in Dodging
 12438 | D:8      | Reached skill level 5 in Armour
 12752 | D:8      | Found a staircase to the Lair.
 12922 | D:9      | Noticed Joseph
 13140 | D:9      | Noticed Gastronok
 13158 | D:9      | Killed Gastronok
 13159 | D:9      | Reached skill level 5 in Evocations
 13159 | D:9      | Reached XP level 11. HP: 35/78 MP: 0/0
 13159 | D:9      | Learned a level 5 spell: Alistair's Intoxication
 13528 | D:9      | Noticed Harold
 13792 | D:9      | Killed Harold
 14547 | D:9      | Killed Joseph
 15846 | D:10     | Entered Level 10 of the Dungeon
 15858 | D:10     | Found a flagged portal.
 15869 | Bailey   | Entered a bailey
 16013 | Bailey   | Noticed an orc knight
 16043 | Bailey   | Killed an orc knight
 16356 | Bailey   | Found a large runed translucent door.
 16356 | Bailey   | Found a large runed translucent door.
 16357 | Bailey   | Noticed a deep elf pyromancer
 16410 | Bailey   | Killed a deep elf pyromancer
 16419 | Bailey   | Identified the +1 plate armour "Ishi" {rPois SInv}
 16588 | D:10     | Reached XP level 12. HP: 23/84 MP: 0/0
 17023 | D:10     | Reached skill level 1 in Shields
 17042 | D:10     | Found a staircase to the Orcish Mines.
 17392 | D:11     | Noticed a two-headed ogre
 17397 | D:11     | Killed a two-headed ogre
 17616 | D:11     | Reached skill level 9 in Spellcasting
 17859 | D:11     | Noticed Maurice
 17866 | D:11     | Noticed Nergalle
 18335 | D:11     | Killed Nergalle
 18358 | D:11     | Killed Maurice
 18922 | D:11     | Found a basalt altar of Yredelemnul.
 19465 | D:12     | Noticed a two-headed ogre
 19476 | D:12     | Killed a two-headed ogre
 19633 | D:12     | Found a snail-covered altar of Cheibriados.
 20084 | D:12     | Noticed a two-headed ogre
 20097 | D:12     | Killed a two-headed ogre
 20664 | D:12     | Reached XP level 13. HP: 38/89 MP: 0/0
 20664 | D:12     | Learned a level 5 spell: Borgnjor's Vile Clutch
 21111 | D:13     | Noticed a centaur warrior
 21238 | Lair:1   | Entered Level 1 of the Lair of Beasts
 21425 | Lair:1   | Noticed a five-headed hydra
 21435 | Lair:1   | Killed a five-headed hydra
 21436 | Lair:1   | Reached skill level 5 in Shields
 21436 | Lair:1   | Reached skill level 10 in Spellcasting
 22157 | Lair:1   | Noticed Grum
 22169 | Lair:1   | Killed Grum
 22943 | Lair:2   | Found a staircase to the Snake Pit.
 23597 | Lair:2   | Reached skill level 10 in Evocations
 23884 | Lair:2   | Noticed Sonja
 23893 | Lair:2   | Killed Sonja
 24044 | Lair:2   | Reached skill level 11 in Spellcasting
 25562 | Lair:4   | Found a transporter.
 25791 | Lair:4   | Noticed a five-headed hydra
 25800 | Lair:4   | Killed a five-headed hydra
 26223 | Lair:4   | Found a transporter.
 26231 | Lair:4   | Reached XP level 14. HP: 54/96 MP: 0/0
 26397 | Lair:4   | Identified the +4 hunting sling of Bloody Death {freeze,
                  | Will+ Str+2 Stlth-}
 27646 | Lair:4   | Reached skill level 1 in Slings
 27929 | Lair:4   | Found a staircase to the Shoals.
 28170 | Lair:4   | Identified the +7 war axe "Fiys" {drain, rF+ Dex+5}
 28522 | Lair:5   | Reached skill level 12 in Spellcasting
 28838 | Lair:5   | Noticed Kirke
 28856 | Lair:5   | Killed Kirke
 29307 | Lair:6   | Entered Level 6 of the Lair of Beasts
 30168 | Lair:6   | Noticed Josephine
 30175 | Lair:6   | Killed Josephine
 30176 | Lair:6   | Reached skill level 5 in Slings
 30671 | Lair:6   | Reached XP level 15. HP: 48/105 MP: 0/0
 30671 | Lair:6   | Learned a level 6 spell: Dispersal
 31302 | Lair:6   | Reached * piety under Ashenzari
 31302 | Lair:6   | Identified 3 scrolls of acquirement
 31337 | Lair:5   | Acquired a manual of Evocations
 31338 | Lair:5   | Acquired the amulet of Axaimoad {Acrobat Rampage Fragile
                  | rC+++}
 32100 | Lair:6   | Found a viscous altar of Jiyva.
 32100 | Lair:6   | Found a staircase to the Slime Pits.
 32254 | Lair:6   | Identified the cursed +2 helmet of the Bound Blue Moon
                  | {SInv, Melee, Fort} (You found it in a bailey)
 32857 | Lair:6   | Reached skill level 10 in Fighting
 33262 | Lair:6   | Identified the +1 falchion of Akuitaon {freeze, Drain rF+
                  | Str+4 Dex+8}
 33293 | Lair:6   | Reached skill level 10 in Slings
 33758 | Lair:6   | Identified the +0 ring mail of the Known World {rElec Str-4
                  | Int+3}
 34016 | Orc:1    | Entered Level 1 of the Orcish Mines
 34684 | Orc:2    | Entered Level 2 of the Orcish Mines
 34817 | Orc:2    | Reached ** piety under Ashenzari
 35075 | Orc:2    | Found a staircase to the Elven Halls.
 35953 | Orc:2    | Found Susirch's Jewellery Boutique.
 35953 | Orc:2    | Found Seor's Book Shoppe.
 35955 | Orc:2    | Found Pehysm's Antique Weapon Shoppe.
 35955 | Orc:2    | Found Kofrerag's Assorted Antiques.
 35966 | Orc:2    | Bought a scroll labelled BUMUONWAVI for 24 gold pieces
 35969 | Orc:2    | Acquired a +3 fustibalus of freezing
 36228 | D:11     | Gained mutation: You tend to lose your temper in combat.
                  | [potion of mutation]
 36228 | D:11     | Gained mutation: You are weak. (Str -2) [potion of
                  | mutation]
 36229 | D:11     | Lost mutation: You are weak. (Str -2) [potion of mutation]
 36229 | D:11     | Lost mutation: You tend to lose your temper in combat.
                  | [potion of mutation]
 36229 | D:11     | Gained mutation: You do not regenerate when monsters are
                  | visible. [potion of mutation]
 36229 | D:11     | Lost mutation: You do not regenerate when monsters are
                  | visible. [potion of mutation]
 36229 | D:11     | Gained mutation: You are strong-willed. (Will+) [potion of
                  | mutation]
 36425 | Shoals:1 | Entered Level 1 of the Shoals
 36444 | Shoals:1 | Found a transporter.
 36473 | Shoals:1 | Found Fariciz's Assorted Antiques.
 36481 | Shoals:1 | Bought a warped plate armour for 1204 gold pieces
 36481 | Shoals:1 | Identified the +0 plate armour of Ukkya {Will+} (You bought
                  | it in a shop on level 1 of the Shoals)
 36519 | Shoals:1 | Found Neolel's Antique Armour Shop.
 36524 | Shoals:1 | Bought an embroidered hat for 259 gold pieces
 36592 | Shoals:1 | Found Difrume's General Store.
 36742 | Shoals:1 | Found a transporter.
 36744 | Shoals:1 | Identified the +4 helmet of Zuinof {rC+ SInv}
 36744 | Shoals:1 | Identified the +3 mace of Onoreg {spect, Str+4}
 36746 | Shoals:1 | Identified the amulet "Lell" {Acrobat Harm rF+++ Str-4
                  | SInv}
 36747 | Shoals:1 | Noticed royokou's ghost (adept GrEE)
 36752 | Shoals:1 | Identified the +1 arbalest of Experimentation {venom, rC+}
 36868 | Shoals:1 | Noticed Louise
 36884 | Shoals:1 | Killed Louise
 36885 | Shoals:1 | Reached XP level 16. HP: 97/121 MP: 0/0
 36925 | Shoals:1 | Reached *** piety under Ashenzari
 37465 | Shoals:1 | Found Reecs's Jewellery Shop.
 37742 | Shoals:2 | Found a frozen archway.
 37761 | IceCv    | Entered an ice cave
 38385 | IceCv    | Reached skill level 13 in Spellcasting
 39446 | IceCv    | Noticed a lich
 39453 | IceCv    | Killed a lich
 39690 | IceCv    | Identified the Reference Book on the Unholy Snowflakes
 40361 | Shoals:2 | Noticed a kraken
 40369 | Shoals:2 | Killed a kraken
 41874 | Shoals:3 | Noticed Aizul
 41886 | Shoals:3 | Killed Aizul
 41910 | Shoals:3 | HP: 5/124 [satyr/arrow (28)]
 42459 | Shoals:3 | Found Biumniy's Bounteous Boutique.
 42467 | Shoals:3 | Bought a scroll of blinking for 120 gold pieces
 42683 | Shoals:3 | Reached skill level 14 in Spellcasting
 42832 | Shoals:3 | Reached XP level 17. HP: 130/130 MP: 0/0
 42832 | Shoals:3 | Learned a level 7 spell: Orb of Destruction
 43146 | Shoals:3 | Found Ra's Dragon-Slaying Spoils.
 43346 | Snake:1  | Entered Level 1 of the Snake Pit
 43708 | Snake:1  | Found Dicwaf's Jewellery Shoppe.
 43932 | Snake:1  | Found Lyapiab's General Store.
 43965 | Snake:1  | Bought an amulet of regeneration for 420 gold pieces
 44222 | Snake:1  | Reached **** piety under Ashenzari
 44308 | Snake:1  | Found Qeba's Weapon Shoppe.
 44881 | Snake:2  | Noticed Saint Roka
 44890 | Snake:2  | Killed Saint Roka
 45259 | Snake:2  | Identified the +5 hand axe of Mushexki {freeze, rC++ Will-
                  | Str+3 Dex+4 Stlth+}
 46173 | Snake:3  | Noticed Nikola
 46181 | Snake:3  | Reached skill level 15 in Spellcasting
 46289 | Snake:3  | Identified the +1 scale mail of Nerch {Dex+3}
 46473 | Snake:3  | Killed Nikola
 46607 | Snake:3  | Noticed jazmu's ghost (adept GrFi)
 46608 | Snake:3  | Found a runed translucent door.
 46630 | Snake:3  | Found Qippumn's Assorted Antiques.
 46654 | Snake:3  | Bought a fine scale mail for 288 gold pieces
 46654 | Snake:3  | Identified the +4 scale mail of the Tundras {rPois} (You
                  | bought it in a shop on level 3 of the Snake Pit)
 46697 | Snake:3  | Found Afainolu's Magic Scroll Boutique.
 46699 | Snake:3  | Identified the ring "Piokh" {rElec rF+ rC+}
 46740 | Snake:3  | Killed jazmu's ghost
 48529 | D:13     | Reached XP level 18. HP: 111/142 MP: 0/0
 49499 | D:14     | Found a gate to the Vaults.
 49652 | D:14     | Found Xyfolezi's Pet Rocks.
 49670 | D:14     | Reached skill level 10 in Dodging
 50056 | D:15     | Entered Level 15 of the Dungeon
 50966 | D:15     | Found an iron altar of Okawaru.
 51203 | D:15     | Found a staircase to the Depths.
 51654 | Shoals:4 | Entered Level 4 of the Shoals
 51908 | Shoals:4 | Noticed a kraken
 51913 | Shoals:4 | Killed a kraken
 52197 | Shoals:4 | Reached skill level 16 in Spellcasting
 52296 | Shoals:4 | Reached skill level 10 in Armour
 52480 | Shoals:4 | Reached XP level 19. HP: 117/152 MP: 0/0
 52480 | Shoals:4 | Learned a level 6 spell: Eringya's Noxious Bog
 52927 | Shoals:4 | Reached skill level 10 in Shields
 53225 | Shoals:4 | Got a barnacled rune of Zot
 53597 | Snake:4  | Entered Level 4 of the Snake Pit
 54854 | Snake:4  | Got a serpentine rune of Zot
 55272 | Vaults:1 | Entered Level 1 of the Vaults
 55304 | Vaults:1 | Identified the +8 plate armour of the Apprentice {rPois
                  | Int+8 Dex-4}
 55389 | Vaults:1 | Reached skill level 17 in Spellcasting
 55411 | Vaults:1 | Reached XP level 20. HP: 111/158 MP: 0/0
 55550 | Vaults:1 | Reached ***** piety under Ashenzari
 55575 | Vaults:1 | Found Nopseulo's Antique Armour Emporium.
 55583 | Vaults:1 | Bought a pair of transparent gloves for 209 gold pieces
 55583 | Vaults:1 | Identified the +3 pair of gloves of Taineu {Regen+ Int+5
                  | Dex-5} (You bought it in a shop on level 1 of the Vaults)
 56699 | Vaults:2 | Found a staircase to the Crypt.
 57026 | Vaults:2 | Found Minupsem's General Store.
 58467 | Vaults:3 | Reached skill level 18 in Spellcasting
 58493 | Vaults:3 | Reached XP level 21. HP: 138/171 MP: 0/0
 58493 | Vaults:3 | Learned a level 8 spell: Summon Horrible Things
 58747 | Vaults:3 | Noticed Frederick
 59128 | Vaults:3 | Killed Frederick
 59672 | Vaults:4 | Found a transporter.
 59673 | Vaults:4 | Noticed fgae53's ghost (veteran MiBe)
 59674 | Vaults:4 | Noticed a golden dragon
 59694 | Vaults:4 | Found a transporter.
 59877 | Vaults:4 | Reached skill level 19 in Spellcasting
 59978 | Vaults:4 | Found Ryutrokk's Antique Weapon Shop.
 60378 | Vaults:4 | Noticed a dread lich
 61044 | Vaults:4 | Reached XP level 22. HP: 95/178 MP: 0/0
 61614 | Elf:1    | Entered Level 1 of the Elven Halls
 61664 | Elf:1    | Acquired a manual of Armour
 61697 | Elf:1    | Found a runed translucent gate.
 61697 | Elf:1    | Found a runed translucent gate.
 61697 | Elf:1    | Found a runed translucent gate.
 61808 | Elf:1    | Noticed Tuny's ghost (adept SpEn)
 62135 | Elf:1    | Identified Seghac's Volume of Evil
 62423 | Elf:2    | Paralysed by an air elemental for 1 turns
 62427 | Elf:2    | Paralysed by an air elemental for 1 turns
 62431 | Elf:2    | Paralysed by an air elemental for 1 turns
 62660 | Elf:2    | Identified the +3 ring mail of Goxkomo {Will+ Str+2}
 62942 | Elf:2    | Found a runed translucent door.
 63042 | Elf:2    | Found a runed translucent gate.
 63073 | Elf:2    | Found a runed translucent gate.
 63074 | Elf:2    | Found a runed translucent gate.
 63273 | Elf:2    | Found a hide-covered altar of Uskayaw.
 63460 | Elf:2    | Reached skill level 15 in Fighting
 64013 | Elf:3    | Entered Level 3 of the Elven Halls
 64179 | Elf:3    | Found the +7 pair of quick blades "Gyre" and "Gimble"
                  | {protect}
 64586 | Elf:3    | Found Ilerph's Antique Weapon Boutique.
 64955 | Elf:3    | Reached XP level 23. HP: 179/188 MP: 0/0
 64955 | Elf:3    | Learned a level 8 spell: Borgnjor's Revivification
 64955 | Elf:3    | Identified the +12 short sword of Sefyiwky {drain, rC+
                  | Dex+3}
 65124 | Elf:3    | Identified the +0 pair of gloves of the Gardener {Slay+3}
 65124 | Elf:3    | Identified the +4 spear "Orb Guardian's Death" {drain,
                  | rElec rPois rN+ Str+4}
 65124 | Elf:3    | Identified the +8 dagger of Meikhuti {venom, rC+ Dex+4}
 65124 | Elf:3    | Identified the +2 robe of Gimaku {Will+ rCorr Archmagi}
 65125 | Elf:3    | Identified the Incunabulum of Flamy Conjuration
 65130 | Elf:3    | Identified Muludus's Collected Works on Mutagenic Earth
 65138 | Elf:3    | Identified the +8 plate armour "Zujuat" {Contam rElec rPois
                  | Str-3}
 65183 | Elf:3    | Identified Advanced Steps in Secret Knowledge
 65817 | Shoals:3 | Bought +0 pearl dragon scales for 1700 gold pieces
 66514 | Slime:1  | Entered Level 1 of the Pits of Slime
 66868 | Slime:3  | Gained mutation: You are clumsy. (Dex -2) [a shining eye]
 67192 | Slime:4  | Reached skill level 20 in Spellcasting
 67305 | Slime:4  | Found a viscous altar of Jiyva.
 67999 | Slime:5  | Entered Level 5 of the Pits of Slime
 68123 | Slime:5  | Noticed the Royal Jelly
 68438 | Slime:5  | Reached skill level 15 in Evocations
 68537 | Slime:5  | Found a viscous altar of Jiyva.
 68539 | Slime:5  | Identified the +1 scale mail "Ramashruduf" {rF+ rC- rN+}
 68539 | Slime:5  | Found the +1 robe of Vines {NoPotionHeal Regen++++}
 68539 | Slime:5  | Identified the amulet of the Cuttlefish {Spirit rElec SInv}
 68539 | Slime:5  | Identified the +0 scale mail of the Carpenter {Dex+3
                  | Stlth+}
 68541 | Slime:5  | Identified the +5 broad axe of Wu Jian's Vengeance {flame,
                  | Fly rF- rC++ Int+2}
 68542 | Slime:5  | Identified the Reference Book on Gliding Darkness
 68542 | Slime:5  | Identified the ring "Dogginopt" {rF++ Will+}
 68543 | Slime:5  | Identified the ring "Nenir" {Ice rN+}
 68941 | Slime:5  | Killed the Royal Jelly
 69037 | Slime:5  | Got a slimy rune of Zot
 69937 | D:14     | Bought 25 sling bullets for 200 gold pieces
 70045 | Vaults:5 | Entered Level 5 of the Vaults
 70062 | Vaults:5 | Reached XP level 24. HP: 187/199 MP: 0/0
 70400 | Vaults:5 | Killed a dread lich
 70420 | Vaults:5 | Identified the +1 chain mail of the Realm of Zot {Int+7}
 70422 | Vaults:5 | Identified the +5 ring mail of the Snail {Drain +Blink
                  | Int+8 Dex-2}
 70860 | Vaults:5 | Noticed an ancient lich
 70862 | Vaults:5 | Identified the +8 flail of Dissolution {flame, Str+2}
 70862 | Vaults:5 | Identified the +5 quarterstaff of Wrath {freeze, rCorr
                  | Stlth+}
 70975 | Vaults:5 | Noticed a golden dragon
 70983 | Vaults:5 | Killed a golden dragon
 71123 | Vaults:5 | Identified the +9 glaive of Jimopru {flame, rF+}
 71134 | Vaults:5 | Killed an ancient lich
 71138 | Vaults:5 | Reached skill level 15 in Armour
 71282 | Vaults:5 | Identified the amulet "Leahuz" {Spirit rElec}
 71450 | Vaults:5 | Identified the +6 arbalest of Mastery {freeze, rCorr Dex+2}
 71451 | Vaults:5 | Identified the +2 helmet "Jugoyma" {Dex+6}
 71594 | Vaults:5 | Identified the +3 scimitar of Genaewke {vorpal, +Blink
                  | rPois rC+}
 71595 | Vaults:5 | Found the +8 whip "Snakebite" {venom, curare, rPois}
 71608 | Vaults:5 | Got a silver rune of Zot
 71939 | Vaults:5 | Noticed an ancient lich
 71950 | Vaults:5 | Killed an ancient lich
 71951 | Vaults:5 | Reached XP level 25. HP: 186/211 MP: 0/0
 71951 | Vaults:5 | Learned a level 9 spell: Chain Lightning
 72230 | Vaults:5 | Found the +9 sword of Zonguldrok {reap}
 72740 | Depths:1 | Entered Level 1 of the Depths
 72776 | Depths:1 | Found Deenk's General Store.
 72780 | Depths:1 | Found Defeh's Antique Armour Boutique.
 72784 | Depths:1 | Bought a scroll of enchant weapon for 142 gold pieces
 73107 | Depths:1 | Found a one-way gate to the infinite horrors of the Abyss.
 73244 | Depths:1 | Found a gateway to Hell.
 73948 | Depths:2 | Noticed a juggernaut
 73953 | Depths:2 | Noticed the Enchantress
 73955 | Depths:2 | Killed a juggernaut
 73955 | Depths:2 | Killed the Enchantress
 74329 | Depths:2 | Reached skill level 15 in Shields
 74372 | Depths:2 | Noticed a caustic shrike
 74394 | Depths:2 | Killed a caustic shrike
 74868 | Depths:2 | Reached XP level 26. HP: 186/221 MP: 0/0
 75037 | Depths:2 | Found a runed translucent door.
 75212 | Depths:2 | Noticed a juggernaut
 75225 | Depths:2 | Killed a juggernaut
 75286 | Depths:2 | Noticed Sojobo
 75298 | Depths:2 | Killed Sojobo
 75429 | Depths:2 | Found a runed translucent door.
 75429 | Depths:2 | Noticed a juggernaut
 75801 | Depths:2 | Found a runed translucent door.
 75819 | Depths:2 | Found a one-way gate leading to the halls of Pandemonium.
 76062 | Depths:2 | Identified the Papyrus of Earthen Evil
 76315 | Depths:2 | Killed a juggernaut
 77326 | Depths:3 | Found a gateway to a bazaar.
 77336 | Bazaar   | Entered a bazaar
 77336 | Bazaar   | Found Qugg's Antique Armour Boutique.
 77336 | Bazaar   | Found Bamedioc's Armour Shop.
 77336 | Bazaar   | Found Kuabet's Antique Weapon Shop.
 77343 | Bazaar   | Bought an embroidered cloak for 157 gold pieces
 77764 | Depths:3 | Voluntarily entered the Abyss.
 77764 | Abyss:1  | Found a corrupted altar of Lugonu.
 77848 | Abyss:2  | Found a blossoming altar of Fedhas.
 78181 | Abyss:3  | Gained mutation: Your spells are a little easier to cast,
                  | but a little less powerful. [a neqoxec]
 78418 | Abyss:4  | Found a corrupted altar of Lugonu.
 78463 | Abyss:4  | Reached XP level 27. HP: 46/182 MP: 0/0
 78463 | Abyss:4  | Learned a level 9 spell: Dragon's Call
 78463 | Abyss:4  | Got an abyssal rune of Zot
 78483 | Abyss:4  | Found a corrupted altar of Lugonu.
 78503 | Depths:3 | Escaped the Abyss
 78537 | Depths:3 | Lost mutation: Your spells are a little easier to cast, but
                  | a little less powerful. [potion of mutation]
 78537 | Depths:3 | Lost mutation: You are clumsy. (Dex -2) [potion of
                  | mutation]
 78537 | Depths:3 | Gained mutation: You are somewhat resistant to further
                  | mutation. [potion of mutation]
 78587 | Depths:4 | Entered Level 4 of the Depths
 79037 | Depths:4 | Found a gate to the Realm of Zot.
 79225 | Depths:4 | Found a portal to a secret trove of treasure.
 79632 | Depths:4 | Found a one-way gateway to a ziggurat.
 80430 | Zot:1    | Entered Level 1 of the Realm of Zot
 80794 | Zot:1    | Identified the +2 broad axe "Sionwoepn" {protect, rPois
                  | rN++ rCorr Dex+4}
 85152 | Hell     | Entered the Vestibule of Hell
 85152 | Hell     | Noticed Geryon
 85176 | Hell     | Killed Geryon
 85360 | Hell     | Found a gateway to the ashen valley of Gehenna.
 85448 | Hell     | Found a gateway to the freezing wastes of Cocytus.
 85493 | Hell     | Found a gateway to the Iron City of Dis.
 85575 | Hell     | Found a gateway to the decaying netherworld of Tartarus.
 85913 | Zot:5    | Entered Level 5 of the Realm of Zot
 86482 | Pan      | Entered Pandemonium
 86493 | Pan      | Reached skill level 15 in Slings
 87344 | Pan      | Noticed Zouciec the pandemonium lord
 87355 | Pan      | Killed Zouciec the pandemonium lord
 87460 | Pan      | Found a runed translucent door.
 87725 | Pan      | Got a demonic rune of Zot
 87779 | Pan      | Found an exit through the horrors of the Abyss.
 87788 | Pan      | Took an exit into the Abyss.
 87788 | Abyss:1  | Escaped into the Abyss
 87815 | Depths:4 | Escaped the Abyss
 87931 | Zig:1    | Entered Level 1 of a ziggurat
 87950 | Zig:2    | Entered Level 2 of a ziggurat
 87976 | Zig:3    | Entered Level 3 of a ziggurat
 88004 | Zig:4    | Entered Level 4 of a ziggurat
 88013 | Zig:4    | Identified the +4 short sword of Monugion {drain, rElec rF+
                  | SInv Stlth+}
 88035 | Zig:5    | Entered Level 5 of a ziggurat
 88069 | Zig:6    | Entered Level 6 of a ziggurat
 88073 | Zig:6    | Identified the +6 battleaxe "Agon" {protect, rN+ Str-4
                  | Int+3}
 88074 | Zig:6    | Noticed a shard shrike
 88075 | Zig:6    | Killed a shard shrike
 88127 | Zig:7    | Entered Level 7 of a ziggurat
 88139 | Zig:7    | Identified the Reference Book on Earthen Air
 88139 | Zig:7    | Identified the +10 hand axe of Wu Jian's Pride {antimagic,
                  | rPois}
 88158 | Zig:8    | Entered Level 8 of a ziggurat
 88168 | Zig:8    | Found the +10 dark maul {vorpal}
 88169 | Zig:8    | Noticed a Killer Klown
 88169 | Zig:8    | Noticed Nutawauw the pandemonium lord
 88176 | Zig:8    | Killed a Killer Klown
 88177 | Zig:8    | Killed Nutawauw the pandemonium lord
 88182 | Zig:8    | Identified the ring of Lofuifog {rC+ Int+4 SInv}
 88210 | Zig:9    | Entered Level 9 of a ziggurat
 88219 | Zig:9    | Identified the +0 cloak "Mejats" {rN+ Will+ MP-9 Int+4}
 88219 | Zig:9    | Identified the +6 battleaxe "Tuhinex" {flame, rC+ Dex+2}
 88219 | Zig:9    | Identified the Almanac of the Volcanoes and Dark Secrets
 88222 | Zig:9    | Noticed a dread lich
 88224 | Zig:9    | Killed a dread lich
 88225 | Zig:9    | Identified the +1 kite shield of Disappointment {rElec
                  | Str+3}
 88226 | Zig:9    | Identified the +7 plate armour of the Dwarven Hall {rPois
                  | Int+4}
 88286 | Zig:10   | Entered Level 10 of a ziggurat
 88405 | Zig:10   | Identified the -1 pair of gloves "Kienui" {Harm rElec Dex+2
                  | Stlth+}
 88491 | Zig:11   | Entered Level 11 of a ziggurat
 88519 | Zig:11   | Identified the ring "Enke" {Contam rPois rC+ Int+3 Dex+4
                  | Slay+4}
 88526 | Zig:11   | Identified the +0 ring mail of the Moon {Str+5 Int-3}
 88528 | Zig:11   | Identified the Almanac of the Volcanoes and Weightlessness
 88591 | Zig:12   | Entered Level 12 of a ziggurat
 88604 | Zig:12   | Reached skill level 15 in Dodging
 88612 | Zig:12   | Identified the Guide on Execration
 88613 | Zig:12   | Identified the +1 robe "Regreimufet" {*Corrode rElec Str+4
                  | Slay+5}
 88683 | Zig:13   | Entered Level 13 of a ziggurat
 88748 | Zig:13   | Identified the +3 plate armour of Vaxtauph {Slay+2}
 88749 | Zig:13   | Identified the amulet "Tulo" {Reflect rN+ Int+3 SH+5}
 88823 | Zig:14   | Entered Level 14 of a ziggurat
 88837 | Zig:14   | Noticed Didiesoi the pandemonium lord
 88840 | Zig:14   | Killed Didiesoi the pandemonium lord
 88901 | Zig:14   | Identified the ring "Diqa" {*Slow rF+ Dex+5 Slay+6}
 88907 | Zig:14   | Identified the +3 ring mail of the Spider Nest {rPois rF+
                  | Int+2}
 88998 | Zig:15   | Entered Level 15 of a ziggurat
 89020 | Zig:15   | Reached skill level 21 in Spellcasting
 89084 | Zig:15   | Found the amulet of the Air {Inacc Air Fly rElec RMsl}
 89086 | Zig:15   | Identified the Grimoire of the Earthen Oath
 89180 | Zig:16   | Entered Level 16 of a ziggurat
 89279 | Zig:16   | Identified the ring of Hionk {rElec rCorr Dex+2 Stlth+}
 89383 | Zig:17   | Entered Level 17 of a ziggurat
 89401 | Zig:17   | Noticed a shard shrike
 89401 | Zig:17   | Noticed a shard shrike
 89401 | Zig:17   | Noticed a shard shrike
 89402 | Zig:17   | Killed a shard shrike
 89402 | Zig:17   | Killed a shard shrike
 89402 | Zig:17   | Killed a shard shrike
 89402 | Zig:17   | Noticed a shard shrike
 89402 | Zig:17   | Noticed a shard shrike
 89403 | Zig:17   | Killed a shard shrike
 89403 | Zig:17   | Killed a shard shrike
 89403 | Zig:17   | Noticed a shard shrike
 89403 | Zig:17   | Noticed a shard shrike
 89404 | Zig:17   | Killed a shard shrike
 89405 | Zig:17   | Killed a shard shrike
 89488 | Zig:17   | Identified the +5 rapier "Zyqogaot" {venom, rElec}
 89489 | Zig:17   | Found the +7 great mace "Undeadhunter" {disrupt, rN+}
 89559 | Zig:18   | Entered Level 18 of a ziggurat
 89912 | Zig:18   | Identified the +1 flail of the Undead {pain, rN+ rCorr
                  | Str+5}
 89917 | Zig:18   | Found the +2 cloak of the Thief {*Fog Slay-2 SInv Stlth+}
 89922 | Zig:18   | Identified the +1 plate armour "Siklighe" {rElec rF+ rN+}
 89922 | Zig:18   | Found the +5 robe of Misfortune {Harm *Corrode *Slow EV+5}
 89923 | Zig:18   | Identified the +6 hand crossbow "Simn" {freeze, Fly rF++
                  | rC+ Int+4}
 89955 | Zig:19   | Entered Level 19 of a ziggurat
 90005 | Zig:19   | Noticed a dread lich
 90008 | Zig:19   | Killed a dread lich
 90010 | Zig:19   | Noticed a dread lich
 90011 | Zig:19   | Noticed a dread lich
 90013 | Zig:19   | Killed a dread lich
 90013 | Zig:19   | Killed a dread lich
 90145 | Zig:19   | Found the +5 sword of Power {vorpal}
 90147 | Zig:19   | Identified the +9 long sword "Suemir" {flame, Str+3 Int+7}
 90147 | Zig:19   | Found the +8 storm bow {elec, penet}
 90260 | Zig:19   | Acquired a +5 fustibalus of freezing
 90288 | Zig:20   | Entered Level 20 of a ziggurat
 90317 | Zig:20   | Reached skill level 1 in Long Blades
 90320 | Zig:20   | Noticed an ancient lich
 90321 | Zig:20   | Noticed a dread lich
 90322 | Zig:20   | Noticed a dread lich
 90323 | Zig:20   | Killed an ancient lich
 90323 | Zig:20   | Killed a dread lich
 90324 | Zig:20   | Reached skill level 5 in Long Blades
 90328 | Zig:20   | Killed a dread lich
 90344 | Zig:20   | Noticed a dread lich
 90346 | Zig:20   | Reached skill level 10 in Long Blades
 90350 | Zig:20   | Killed a dread lich
 90550 | Zig:21   | Entered Level 21 of a ziggurat
 90574 | Zig:21   | Paralysed by an air elemental for 1 turns
 90577 | Zig:21   | Paralysed by an air elemental for 1 turns
 90712 | Zig:21   | Identified the Grimoire of Igneous Companions
 90712 | Zig:21   | Identified the +6 spear of Experimentation {drain, rC++
                  | Stlth+}
 90714 | Zig:21   | Found the +5 scythe "Finisher" {speed, eviscerate}
 90832 | Zig:22   | Entered Level 22 of a ziggurat
 90930 | Zig:22   | Found the amulet of the Four Winds {rN+ Will+++ Clar}
 90930 | Zig:22   | Identified the +8 long sword of the Four Ziggurats {drain,
                  | *Rage rElec rC+++ Dex-2}
 90931 | Zig:22   | Identified Dispater's Guide on the Escort
 90931 | Zig:22   | Identified the +9 scale mail of Midnight {rF- rC+ Int+3
                  | SInv}
 90935 | Zig:22   | Identified the +4 dagger "Amollyr" {freeze, Will+ Str+4
                  | Dex+2}
 90935 | Zig:22   | Identified the +0 leather armour of Patience {rElec rF+
                  | Regen+ Str-3}
 90938 | Zig:22   | Identified the +0 chain mail of the Watchman {rElec rC+}
 90938 | Zig:22   | Identified the +2 longbow of Salt {speed, rF+ Int+2}
 91083 | Zig:23   | Entered Level 23 of a ziggurat
 91445 | Zig:23   | Identified the amulet of Discretion {Reflect Dex+6 SH+5}
 91445 | Zig:23   | Found the +9 scales of the Dragon King {rPois rF+ rC+
                  | Will+}
 91446 | Zig:23   | Identified the amulet "Feriapsu" {Spirit +Inv Str+5}
 91447 | Zig:23   | Found the +15 Maxwell's patent armour {-Cast -Tele rElec
                  | Will+ rCorr}
 91448 | Zig:23   | Identified the +6 scale mail of the Sturgeon {Regen+
                  | Stlth+}
 91626 | Zig:24   | Entered Level 24 of a ziggurat
 91659 | Zig:24   | Reached skill level 22 in Spellcasting
 91666 | Zig:24   | Reached skill level 15 in Long Blades
 91755 | Zig:24   | Identified the ring of Arrival {rN+ Int+4}
 91756 | Zig:24   | Identified the ring "Xygab" {rElec Str+6 Int+3}
 91757 | Zig:24   | Identified the ring of Boemir {rElec Will+ Str+6 Int+3}
 91757 | Zig:24   | Identified the +0 robe "Qiseoser" {Rampage MP+9 Slay-2
                  | Stlth+}
 91761 | Zig:24   | Identified the +1 leather armour of Dim Light {Slay+2}
 91854 | Zig:25   | Entered Level 25 of a ziggurat
 92061 | Zig:25   | Identified the Papyrus of a Billion Wonders
 92061 | Zig:25   | Found the +5 demon whip "Spellbinder" {antimagic, Will+}
 92061 | Zig:25   | Identified the ring "Nehalo" {Ice Str+6}
 92062 | Zig:25   | Identified the +12 gold dragon scales of the World {Drain
                  | rPois rF+ rC+ rN+ Int+8}
 92062 | Zig:25   | Found the +2 hat of the Bear Spirit {Spirit, *Rage Will++}
 92062 | Zig:25   | Identified the +11 rapier "Kypsuum" {vorpal, Dex+4 Stlth-}
 92237 | Zig:26   | Entered Level 26 of a ziggurat
 92267 | Zig:26   | Noticed Xehof the pandemonium lord
 92278 | Zig:26   | Killed Xehof the pandemonium lord
 92302 | Zig:26   | Reached skill level 23 in Spellcasting
 92354 | Zig:26   | Killed from afar by a Brimstone Fiend

Illustrated notes

Levels and vault maps discovered:
D:1:      dpeg_arrival_long_road, layout_loops_ring, serial_glass,
          glass_columns_a, glass_columns_a, serial_shops,
          nicolae_shop_statue_plus
D:2:      layout_basic, serial_bayou, serial_bayou_pond_b, serial_bayou_pond_d,
          serial_bayou_pond_a, serial_bayou_shore_a, serial_bayou_pond_c,
          serial_bayou_shore_b, uniq_robin
D:3:      layout_basic, lightli_temple_of_fire, dancing_weapons_uskayaw,
          mainiacjoe_overflow_six_doors_small, gup_sewer_entry_bubbles
D:4:      layout_basic, ebering_ghost_sewer_f, minmay_hollow_rounded_squares
D:5:      layout_loops_ring, mainiacjoe_overflow_cross_hatched,
          roderic_lattice_a, minmay_gold_behind_fungi, dk_vineyard_1,
          lemuel_flame_loot_1, uniq_ijyb
D:6:      layout_loops_ring, lemuel_round_altar, serial_bayou_ford_a
D:7:      layout_cave_pools, minmay_temple_entry_overgrown, serial_glass,
          glass_columns_b, glass_columns_c
D:8:      layout_rooms, nemelex_altar_shiori, nicolae_ru_the_path_less_chosen,
          nicolae_ossuary_entry_ruins, minmay_diced_spiral
D:9:      layout_gridville, wad_floor_pattern_1, uniq_harold, uniq_gastronok,
          uniq_joseph
D:10:     layout_long_grid, kiku_gazebo_pond_becter, orc_0_dummy,
          enter_bailey_2, small_statue_alley_b
D:11:     layout_rooms, yredelemnul_altar_generic, uniq_maurice, uniq_nergalle
D:12:     layout_stronghold, kennysheep_slug_shrine
D:13:     layout_roguey, kennysheep_generic_room_14
D:14:     layout_long_grid, erik_vaults_2, hangedman_abyss_or_decor_passed,
          kennysheep_donut, guppyfry_shop_earth
D:15:     gammafunk_enter_depths_forms, layout_loops_ring,
          okawaru_altar_gauntlet_db
Temple:   minmay_temple_curvy_branch
Lair:1:   layout_misc_corridors, kennysheep_abandoned_house, uniq_grum
Lair:2:   layout_cave_pods, minmay_snake_entry_spellcaster, uniq_sonja
Lair:3:   layout_small_grid, infiniplex_staircase_pool_2
Lair:4:   gammafunk_cloud_chamber, layout_concentric_octagons,
          minmay_shoals_entry_beasts, special_room [special_room_mythical_zoo],
          grunt_megastairs_2, lemuel_fruit_tree
Lair:5:   layout_regular_city, grunt_megastairs_5, uniq_kirke
Lair:6:   guppyfry_lair_end_dragon, layout_gridlike,
          hangedman_lair_caniforms_friends, dpeg_slime_entry_enclosed_altar,
          grunt_forest_large_clearings, lemuel_fruit_fields,
          lemuel_fruit_fields, uniq_josephine
Shoals:1: layout_shoals, gammafunk_ghost_berserking_beasts, serial_shops,
          nicolae_shop_hallway_plus, shop, nicolae_shop_hallway_stairs, shop,
          uniq_louise
Shoals:2: layout_shoals, portal_ice_cave_entry_pillars_three
Shoals:3: layout_shoals, nicolae_shop_dragon_depot, nicolae_alphabet_shops,
          uniq_aizul
Shoals:4: shoals_end_simple, layout_shoals, nicolae_shoals_stone_sculpture_thing
Snake:1:  layout_honeycomb, serial_shops, nicolae_shop_hallway_plus, shop,
          nicolae_shop_bloodbath_and_beyond
Snake:2:  layout_chambers, uniq_saint_roka
Snake:3:  layout_onion, basic_altar, serial_shops, nicolae_square_shop,
          hellmonk_ghost_happy_afterlife, drop_trap, grunt_ministairs_6,
          serial_bayou_pond_b, nicolae_take_the_stairs, uniq_nikola
Snake:4:  snake_pit, layout_misc_corridors
Slime:1:  layout_caves
Slime:2:  layout_caves
Slime:3:  layout_caves, nicolae_slime_welcoming_committee
Slime:4:  layout_caves, basic_altar
Slime:5
Orc:1:    layout_caves, bh_open_orc_temple
Orc:2:    grunt_orc_tribal_feast, layout_diamond_mine
Elf:1:    layout_geoelf_octagon, ebering_ghost_rock_garden,
          minmay_elf_necromancy, statue_in_the_mist_lemuel
Elf:2:    nicolae_elf_blades_crystal_corner, layout_loops_corners,
          nicolae_danse_macabre
Elf:3:    minmay_elf_hall_statues, layout_gridlike, serial_shops,
          shop_fountains, serial_sigils_hangedman_clutch,
          hellmonk_guarded_unrand_gyre_and_gimble
Vaults:1: v_misc_18, vaults_room_fours, vaults_dpeg_ring, hangedman_vaults_maws,
          nicolae_vaults_little_squares_6, layout_vaults_omnigrid, serial_shops,
          shop
Vaults:2: v_misc_24, vaults_dpeg_cross, grunt_vaults_funnel,
          minmay_crypt_entry_simple_plaza, v_misc_26,
          ontoclasm_vaults_ring_square, nicolae_vaults_border_crossing,
          nicolae_vaults_little_squares_4, v_misc_17, layout_vaults_big_room,
          serial_shops, nicolae_shop_advertising_works
          [nicolae_subvault_shop_adworks]
Vaults:3: ontoclasm_vaults_hangar, ontoclasm_vaults_chip, v_misc_15,
          st_smaller_cells, vaults_room_ringed_pool, hangedman_vaults_stream,
          vaults_room_pool, v_misc_27, vaults_dpeg_encased_lava, v_pattern_2,
          hangedman_vaults_impose, layout_vaults_omnibox, uniq_frederick
Vaults:4: gammafunk_ghost_arena, v_misc_18, v_misc_9,
          ontoclasm_vaults_claustrophobia, v_rooms_2, v_rooms_3,
          ontoclasm_vaults_fault, st_eye, vaults_room_boxed, v_misc_22,
          vaults_room_hallway, nicolae_vaults_yaktaur_gun_rack,
          nicolae_vaults_angled_halls, layout_vaults_maze, serial_shops,
          nicolae_shop_crystal
Vaults:5: serial_shops
Depths:1: layout_honeycomb, hell_entry, hangedman_abyss_entry_splay,
          lemuel_flamethrower_3, minmay_shop_star, firewood_loft
Depths:2: minmay_the_grid_ultimate [minmay_the_grid_prize_big_room,
          minmay_the_grid_prize_four_corners, minmay_the_grid_prize_trominoes,
          minmay_the_grid_prize_four_corners_diamond_a,
          minmay_the_grid_square_5x5_doubleslash,
          minmay_the_grid_square_5x5_forky,
          minmay_the_grid_square_5x5_trominoes,
          minmay_the_grid_square_5x5_almost_minimal,
          minmay_the_grid_square_5x5_slash, minmay_the_grid_square_5x5_six,
          minmay_the_grid_square_5x5_minibox, minmay_the_grid_square_5x5_bridge,
          minmay_the_grid_square_5x5_hourglass, minmay_the_grid_square_5x5_v,
          minmay_the_grid_square_5x5_broken_cross,
          minmay_the_grid_square_5x5_two,
          minmay_the_grid_square_5x5_checkered_statues,
          minmay_the_grid_square_5x5_minivault,
          minmay_the_grid_square_5x5_spiral,
          minmay_the_grid_triangle_9x9_stretched_checkered,
          minmay_the_grid_triangle_9x9_intruding_spiral,
          minmay_the_grid_triangle_9x9_empty,
          minmay_the_grid_triangle_9x9_longest,
          minmay_the_grid_triangle_9x9_corruption,
          minmay_the_grid_triangle_9x9_fully_insulated_deathbox,
          minmay_the_grid_triangle_9x9_odd_lines,
          minmay_the_grid_triangle_9x9_swiss_cheese,
          minmay_the_grid_triangle_9x9_wacky_v,
          minmay_the_grid_triangle_9x9_flanged_cone,
          minmay_the_grid_triangle_9x9_sparse_checkered,
          minmay_the_grid_triangle_9x9_corrupted_corridor,
          minmay_the_grid_triangle_9x9_checkered,
          minmay_the_grid_triangle_9x9_descending_squares,
          minmay_the_grid_triangle_9x9_empty,
          minmay_the_grid_triangle_9x9_limited_checkers,
          minmay_the_grid_square_5x5_misaligned, minmay_the_grid_octo_clover,
          minmay_the_grid_octo_fan_narrow, minmay_the_grid_octo_checkerflower,
          minmay_the_grid_octo_vomiting_pacman,
          minmay_the_grid_octo_fat_diamond, minmay_the_grid_octo_odd_swirl,
          minmay_the_grid_octo_toaster, minmay_the_grid_octo_teeth,
          minmay_the_grid_box_x, minmay_the_grid_slots, minmay_the_grid_tree,
          minmay_the_grid_artifice], pan_entry, hell_entry, uniq_enchantress,
          uniq_sojobo
Depths:3: kennysheep_ambush_hall, layout_long_grid, abyss_entry,
          pf_vacation_house_of_asmodeus, pan_entry, serial_shops, statue_bzr,
          bh_walls_and_bars
Depths:4: evilmike_zot_entry_gauntlet, layout_gridville, enter_ziggurat_d,
          minmay_misc_feat_rows, pan_entry, pf_coc_iceberg,
          nicolae_trove_entry_crossroad
Hell
Zot:1:    layout_gridville, grunt_megastairs_4
Zot:2:    lemuel_draconian_sentries, layout_basic
Zot:3:    layout_cathedral_of_symmetry, drop_trap
Zot:4:    layout_twisted_circle
Zot:5:    layout_gridlike
Zig:26:   ziggurat_pillar_abc, ziggurat_pillar_abc, ziggurat_pillar_abc,
          ziggurat_pillar_abc

Skill      XL: |  1  2  3  4  5  6  7  8  9 10 11 12 13 14 15 16 17 18 19 20 21 22 23 24 25 26 27 |
---------------+----------------------------------------------------------------------------------+-----
Stealth        | 2 |  2.3
Dodging        | 3 6 8 9 11 12 13 18 | 18.5
Fighting       | 1 2 4 5 6 7 9 11 13 14 15 16 19 20 21 22 | 22.9
Spellcasting   | 4 5 6 8 9 11 12 14 15 16 17 18 19 20 23 | 23.0
Armour         | 2 3 6 8 10 11 13 16 18 19 22 | 22.6
Evocations     | 1 5 7 9 10 11 13 15 17 19 | 19.0
Shields        | 4 7 8 9 10 11 12 13 15 16 20 | 20.7
Slings         | 6 11 12 13 14 19 | 19.1
Long Blades    | 16 | 16.0

Action                   |  1- 3 |  4- 6 |  7- 9 | 10-12 | 13-15 | 16-18 | 19-21 | 22-24 | 25-27 || total
-------------------------+-------+-------+-------+-------+-------+-------+-------+-------+-------++-------
Melee: Rapier            |    14 |       |       |       |       |       |       |       |       ||    14
       Long sword        |       |    62 |    82 |    85 |   121 |       |       |       |     6 ||   356
       Punch             |       |     1 |       |       |       |       |       |       |       ||     1
 Fire: Hunting sling     |       |       |       |       |   460 |       |       |       |       ||   460
       Fustibalus        |       |       |       |       |    49 |  1232 |  1011 |  1054 |  1271 ||  4617
 Cast: Magic Dart        |    60 |    34 |    41 |       |       |       |       |       |       ||   135
       Searing Ray       |       |     9 |    27 |    48 |    20 |       |       |       |       ||   104
       Poisonous Vapours |       |       |    19 |    89 |    80 |     5 |     5 |     1 |    61 ||   260
       Fulminant Prism   |       |       |    11 |    28 |    73 |    66 |    55 |    38 |    48 ||   319
       Iskenderun's Myst |       |       |    31 |    74 |   154 |   177 |   141 |   176 |   389 ||  1142
       Frozen Ramparts   |       |       |     7 |    13 |    18 |       |       |     1 |       ||    39
       Alistair's Intoxi |       |       |       |     1 |       |       |       |     1 |     2 ||     4
       Borgnjor's Vile C |       |       |       |       |    41 |    35 |    42 |    66 |   228 ||   412
       Apportation       |       |       |       |       |       |     1 |       |       |       ||     1
       Orb of Destructio |       |       |       |       |       |    30 |    33 |    77 |   247 ||   387
       Eringya's Noxious |       |       |       |       |       |       |     4 |     2 |     6 ||    12
       Summon Horrible T |       |       |       |       |       |       |    10 |    16 |    11 ||    37
       Chain Lightning   |       |       |       |       |       |       |       |       |   245 ||   245
       Dragon's Call     |       |       |       |       |       |       |       |       |     2 ||     2
       Borgnjor's Revivi |       |       |       |       |       |       |       |       |     1 ||     1
Invok: Curse Item        |       |       |       |       |     3 |     6 |     2 |     1 |     1 ||    13
       Shatter the Chain |       |       |       |       |       |     3 |     1 |       |     3 ||     7
Evoke: Box of beasts     |       |       |       |       |     1 |       |       |       |       ||     1
       Tin of tremorston |       |       |       |       |     1 |       |       |       |       ||     1
       Wand              |       |       |       |       |     2 |     1 |     1 |       |    23 ||    27
       Condenser vane    |       |       |       |       |       |       |       |     1 |       ||     1
       Phial of floods   |       |       |       |       |       |       |       |       |     2 ||     2
       Horn of Geryon    |       |       |       |       |       |       |       |       |     1 ||     1
       Phantom mirror    |       |       |       |       |       |       |       |       |     1 ||     1
  Use: Scroll            |       |     2 |     4 |     4 |    16 |     1 |     4 |     6 |    32 ||    69
       Potion            |       |       |       |     1 |     4 |     2 |     3 |     3 |     8 ||    21
 Stab: Sleeping          |       |     1 |     2 |     1 |       |       |       |       |       ||     4
Armor: Robe              |     2 |    10 |    14 |    10 |       |       |       |       |       ||    36
       Ring mail         |       |       |     1 |    29 |   101 |    72 |       |    26 |       ||   229
       Scale mail        |       |       |       |       |       |    54 |   133 |    17 |       ||   204
       Plate armour      |       |       |       |       |       |       |     4 |       |       ||     4
       Pearl dragon scal |       |       |       |       |       |       |       |   124 |   374 ||   498
       Gold dragon scale |       |       |       |       |       |       |       |       |     8 ||     8
Dodge: Dodged            |    13 |    59 |    66 |   149 |   199 |   120 |   101 |    91 |   224 ||  1022
Block: Other             |       |       |       |    52 |     1 |       |       |       |       ||    53
       Reflection        |       |       |       |    18 |    11 |    12 |       |       |     5 ||    46
       Kite shield       |       |       |       |       |   337 |   250 |   206 |   210 |   336 ||  1339
       Tower shield      |       |       |       |       |       |       |       |       |   120 ||   120
